 Dungeon Crawl Stone Soup version 0.29.0-4-gdea44cf6ec (webtiles) character file.

Game seed: 9299097726289018798

441 qw the Chopper (level 7, -1/41 HPs)
             Began as a Tengu Warper on Aug 28, 2022.
             Succumbed to a scorpion's poison
             ... on level 5 of the Dungeon.
             The game lasted 00:00:23 (3790 turns).

qw the Chopper (Tengu Warper)                       Turns: 3790, Time: 00:00:24

Health: -1/41      AC:  8    Str: 13    XL:     7   Next: 2%
Magic:  11/11      EV: 13    Int: 13    God:
Gold:   219        SH:  0    Dex: 14    Spells: 10/10 levels left

rFire   . . .      SeeInvis .   Y - +1 hand axe
rCold   . . .      Faith    .   (no shield)
rNeg    . . .      Spirit   .   k - +0 ring mail
rPois   .          Reflect  .   h - +2 hat
rElec   .          Harm     .   (no cloak)
rCorr   .          Rampage  .   e - +0 pair of gloves
Will    .....                   (boots unavailable)
Stlth   +.........              (no amulet)
HPRegen 0.13/turn               (no ring)
MPRegen 0.12/turn               (no ring)

@: lethally poisoned (-1 -> -11), flying quickly and evasively, quick
A: beak, talons 3, nimble flight
a: no special abilities


You were on level 5 of the Dungeon.
You visited 1 branch of the dungeon, and saw 5 of its levels.

You collected 321 gold pieces.
You spent 102 gold pieces at shops.


Innate Abilities, Weirdness & Mutations

You have a beak for a mouth.
You have claws for feet.
Your magical nature lets you fly swiftly and evasively.


   Skills:
 - Level 3.4 Fighting
 + Level 7.3 Axes
 - Level 1.0 Throwing
 - Level 1.1 Armour
 - Level 2.1 Dodging
 - Level 2.0 Spellcasting
 - Level 2.4 Translocations


You had 10 spell levels left.
You didn't know any spells.
Your spell library contained the following spells:

 Spells                   Type           Power      Damage    Failure   Level
 Blink                    Tloc           14%        N/A       30%         2
 Gell's Gravitas          Tloc           7%         N/A       52%         3
 Lesser Beckoning         Tloc           7%         N/A       52%         3
 Teleport Other           Tloc           7%         N/A       52%         3
 Manifold Assault         Tloc           7%         N/A       99%         5

Inventory:

Hand Weapons
 g - a +0 whip
 Y - a +1 hand axe (weapon)
Armour
 e - a +0 pair of gloves (worn)
 h - a +2 hat (worn)
 k - a +0 ring mail (worn)
 l - a +0 plate armour
Jewellery
 b - an amulet of reflection
 d - a +6 ring of intelligence
Scrolls
 j - a scroll of identify
Potions
 a - a potion of mutation {unknown}
 c - 2 potions of curing
 i - 2 potions of might

Dungeon Overview and Level Annotations

Branches:
Dungeon (5/15)
 Temple: D:4-7

Altars:
Qazlal
Vehumet
Wu Jian

Shops:
D:4 [


Message History

You feel sick. The scorpion stings you. The orc barely misses you.
3786 ||| DRINKING potion of heal wounds.
You feel much better.
You feel sick.
The scorpion stings you but does no damage.
The scorpion stings you.
You are more poisoned.
The scorpion poisons you! The orc priest hits you with a +0 club.
The orc hits you with a +0 falchion. The orc barely misses you.
You slash the orc!
You kill the orc!
You hit the scorpion but do no damage. You completely miss the orc priest.
You hit the orc but do no damage.
You feel very sick. The scorpion misses you. The orc closely misses you.
The orc priest invokes the aid of Beogh against you.
Pain shoots through your body!
You closely miss the scorpion. You claw the scorpion.
The scorpion is heavily wounded.
You closely miss the orc. You hit the orc priest. You hit the orc.
You feel very sick.
The scorpion stings you but does no damage.
You hit the scorpion. Your kick misses the scorpion.
Your peck misses the scorpion.
The scorpion is severely wounded.
You closely miss the orc. You hit the orc. You hit the orc priest.
You feel very sick. The orc priest closely misses you.
The orc hits you with a +0 hand axe. The orc hits you with a +0 club.
The scorpion closely misses you.
You hit the scorpion.
You claw the scorpion, but do no damage.
The scorpion is almost dead.
You hit the orc.
You kill the orc!
You hit the orc priest but do no damage.
You hit the orc but do no damage.
Your surroundings suddenly seem different.
An iguana comes into view.
Found 15 gold pieces.
Found a stone staircase leading down.
You die...

.......
.......
...>...
.......
....l..
....###
.......
..###.
.....
.##.# ...
.#..#
#.###..##+
#.@#......
##.#$.....
#...##...
##### #


You could see an iguana (asleep).

Vanquished Creatures
  Menkaure (D:5)
  2 scorpions
  2 hounds
  A jelly (D:4)
  3 adders
  A worm (D:3)
  2 dart slugs
  4 orcs
  8 endoplasms
  6 giant cockroaches
  A goblin (D:2)
  7 hobgoblins
  10 jackals
  6 ball pythons
  5 bats
  3 frilled lizards
  A hobgoblin zombie (D:5)
  8 kobolds
  2 rats
73 creatures vanquished.

Notes
Turn   | Place    | Note
-------+----------+-------------------------------------------
     0 | D:1      | qw the Tengu Warper began the quest for the Orb.
     0 | D:1      | Reached XP level 1. HP: 12/12 MP: 4/4
     0 | D:1      | 0 ||| qw: Version: 0.1-a-89-g26bdef1
     0 | D:1      | 0 ||| qw: Game counter: 1867
     0 | D:1      | 0 ||| qw: Always use a shield: true
     0 | D:1      | 0 ||| qw: God list: Okawaru
     0 | D:1      | 0 ||| qw: Allow faded altars: false
     0 | D:1      | 0 ||| qw: Do Orc after D:15 true
     0 | D:1      | 0 ||| qw: Do second Lair branch before Depths: true
     0 | D:1      | 0 ||| qw: Lair rune preference: random
     0 | D:1      | 0 ||| qw: Plans: Normal
     0 | D:1      | 0 ||| PLANNING D:1-11
   202 | D:1      | 202 ||| Stepping ~*~*~tactically~*~*~ (stealth).
   212 | D:1      | Reached skill level 3 in Axes
   212 | D:1      | Reached XP level 2. HP: 7/17 MP: 6/6
   602 | D:1      | 602 ||| READING scroll labelled HUOT ZUKUFUKO.
   609 | D:1      | Found a faded altar of an unknown god.
   901 | D:1      | 901 ||| READING scroll labelled DOYSICIVOG.
   902 | D:1      | 902 ||| READING scroll labelled WAV IREBLYET.
   907 | D:1      | 907 ||| READING 4 scrolls labelled ISINOEXZ ATZILL.
   908 | D:1      | 908 ||| READING 2 scrolls labelled LUFUNAUPRA.
   909 | D:1      | 909 ||| READING 3 scrolls of identify.
   909 | D:1      | 909 ||| IDENTIFYING dark potion
   910 | D:1      | 910 ||| READING 2 scrolls of identify.
   910 | D:1      | 910 ||| IDENTIFYING inky potion
   911 | D:1      | 911 ||| DROPPING potion of degeneration.
   912 | D:1      | 912 ||| DROPPING scroll of blinking.
   913 | D:1      | 913 ||| DROPPING scroll of fear.
  1048 | D:2      | 1048 ||| FLEEEEING.
  1049 | D:2      | 1049 ||| FLEEEEING.
  1051 | D:2      | 1051 ||| FLEEEEING.
  1052 | D:2      | 1052 ||| FLEEEEING.
  1053 | D:2      | 1053 ||| FLEEEEING.
  1054 | D:2      | 1054 ||| FLEEEEING.
  1055 | D:2      | 1055 ||| FLEEEEING.
  1056 | D:2      | 1056 ||| FLEEEEING.
  1057 | D:2      | 1057 ||| FLEEEEING.
  1058 | D:2      | 1058 ||| FLEEEEING.
  1059 | D:2      | 1059 ||| STAIRDANCE
  1089 | D:1      | 1089 ||| DRINKING 2 smoky puce potions.
  1090 | D:1      | 1090 ||| DROPPING potion of brilliance.
  1093 | D:2      | 1093 ||| STAIRDANCE
  1168 | D:2      | Reached XP level 3. HP: 21/21 MP: 7/7
  1252 | D:2      | 1252 ||| Stepping ~*~*~tactically~*~*~ (stealth).
  1254 | D:2      | 1254 ||| Stepping ~*~*~tactically~*~*~ (stealth).
  1255 | D:2      | 1255 ||| Stepping ~*~*~tactically~*~*~ (stealth).
  1257 | D:2      | 1257 ||| Stepping ~*~*~tactically~*~*~ (stealth).
  1268 | D:2      | 1268 ||| Stepping ~*~*~tactically~*~*~ (stealth).
  1290 | D:2      | Reached skill level 4 in Axes
  1406 | D:2      | 1406 ||| Stepping ~*~*~tactically~*~*~ (stealth).
  1407 | D:2      | 1407 ||| Stepping ~*~*~tactically~*~*~ (stealth).
  1415 | D:2      | 1415 ||| Stepping ~*~*~tactically~*~*~ (stealth).
  1416 | D:2      | 1416 ||| Stepping ~*~*~tactically~*~*~ (stealth).
  1417 | D:2      | 1417 ||| Stepping ~*~*~tactically~*~*~ (stealth).
  1501 | D:2      | HP: 5/21 [adder (3)]
  1502 | D:2      | 1502 ||| DRINKING potion of heal wounds.
  1825 | D:2      | Reached XP level 4. HP: 23/26 MP: 8/8
  1914 | D:2      | 1914 ||| Stepping ~*~*~tactically~*~*~ (stealth).
  2028 | D:2      | 2028 ||| READING 3 scrolls of identify.
  2028 | D:2      | 2028 ||| IDENTIFYING metallic emerald potion
  2029 | D:2      | 2029 ||| READING 2 scrolls of identify.
  2029 | D:2      | 2029 ||| IDENTIFYING viscous amethyst potion
  2030 | D:2      | 2030 ||| DROPPING potion of lignification.
  2617 | D:3      | 2617 ||| UPGRADING to +2 hat.
  2622 | D:3      | 2622 ||| DROPPING amulet of magic regeneration.
  2623 | D:3      | 2623 ||| READING 4 scrolls labelled AZUALA VUMYMP.
  2624 | D:3      | 2624 ||| DRINKING 2 smoky emerald potions.
  2625 | D:3      | 2625 ||| DROPPING 3 scrolls of butterflies.
  2674 | D:4      | Reached skill level 5 in Axes
  2684 | D:4      | 2684 ||| Stepping ~*~*~tactically~*~*~ (stealth).
  2690 | D:4      | 2690 ||| Stepping ~*~*~tactically~*~*~ (stealth).
  2933 | D:4      | 2933 ||| Stepping ~*~*~tactically~*~*~ (stealth).
  2940 | D:4      | Gained mutation: Your magical nature lets you fly swiftly
                  | and evasively. [Tengu growth]
  2940 | D:4      | Reached XP level 5. HP: 30/30 MP: 9/9
  2958 | D:4      | 2958 ||| Stepping ~*~*~tactically~*~*~ (stealth).
  2959 | D:4      | 2959 ||| Stepping ~*~*~tactically~*~*~ (stealth).
  3012 | D:4      | Found Xuss's Armour Emporium.
  3028 | D:4      | 3028 ||| BUYING +0 pair of gloves (54 gold).
  3028 | D:4      | Bought a +0 pair of gloves for 54 gold pieces
  3028 | D:4      | 3028 ||| BUYING +0 ring mail (48 gold).
  3028 | D:4      | Bought a +0 ring mail for 48 gold pieces
  3028 | D:4      | 3028 ||| SHOPLISTING +1 chain mail of cold resistance (198
                  | gold, have 144).
  3028 | D:4      | 3028 ||| SHOPLISTING +7 scale mail "Qecheoce" {rF+ rN+}
                  | (686 gold, have 144).
  3107 | D:4      | 3107 ||| Stepping ~*~*~tactically~*~*~ (stealth).
  3109 | D:4      | 3109 ||| Stepping ~*~*~tactically~*~*~ (stealth).
  3111 | D:4      | 3111 ||| Stepping ~*~*~tactically~*~*~ (stealth).
  3115 | D:4      | 3115 ||| Stepping ~*~*~tactically~*~*~ (stealth).
  3178 | D:4      | Found a radiant altar of Vehumet.
  3189 | D:4      | Reached skill level 6 in Axes
  3308 | D:4      | Found an ornate altar of the Wu Jian Council.
  3310 | D:4      | Found a stormy altar of Qazlal.
  3406 | D:4      | 3406 ||| DROPPING +0 robe of willpower.
  3407 | D:4      | 3407 ||| UPGRADING to +0 pair of gloves.
  3412 | D:4      | 3412 ||| UPGRADING to +0 ring mail.
  3422 | D:4      | 3422 ||| DROPPING +0 leather armour.
  3423 | D:4      | 3423 ||| READING scroll labelled WOXAMUBBUODDO.
  3424 | D:4      | 3424 ||| DRINKING 2 green potions.
  3425 | D:4      | 3425 ||| READING 2 scrolls of identify.
  3425 | D:4      | 3425 ||| IDENTIFYING fizzy coppery potion
  3426 | D:4      | 3426 ||| DROPPING potion of magic.
  3427 | D:4      | 3427 ||| DROPPING potion of attraction.
  3451 | D:5      | Entered Level 5 of the Dungeon
  3452 | D:5      | 3452 ||| PLANNING OSSUARY
  3453 | D:5      | 3453 ||| STAIRDANCE
  3461 | D:4      | Reached XP level 6. HP: 33/35 MP: 10/10
  3523 | D:5      | Reached skill level 7 in Axes
  3593 | D:5      | Noticed Menkaure
  3594 | D:5      | 3594 ||| Stepping ~*~*~tactically~*~*~ (hiding).
  3595 | D:5      | 3595 ||| Stepping ~*~*~tactically~*~*~ (hiding).
  3607 | D:5      | Killed Menkaure
  3608 | D:5      | Reached skill level 3 in Fighting
  3608 | D:5      | Reached XP level 7. HP: 25/41 MP: 11/11
  3784 | D:5      | HP: 10/41 [poisoned by a scorpion]
  3785 | D:5      | 3785 ||| READING scroll of teleportation.
  3786 | D:5      | 3786 ||| DRINKING potion of heal wounds.
  3789 | D:5      | HP: 6/41 [poisoned by a scorpion]
  3789 | D:5      | HP: 1/41 [orc/+0 club (4)]
  3790 | D:5      | Succumbed to a scorpion's poison

Levels and vault maps discovered:
D:1:      shiori_arrival_elements, layout_loops_ring,
          shapermc_ecumenical_altar_notcrosses
D:2:      layout_basic, minivault_27
D:3:      minmay_chambers_of_twos, layout_rooms, minivault_23
D:4:      layout_loops_cross, chequers_temple_overflow_statue_of_worship,
          nicolae_vehumet_altar_sigil, serial_shops, shop_coins,
          serial_bayou_pond_d
D:5:      layout_rooms, nicolae_ashenzari_skybound, nicolae_ossuary_entry_giza,
          serial_bayou_pond_b, uniq_menkaure, uniq_edmund

Skill      XL: |  1  2  3  4  5  6 |
---------------+-------------------+-----
Axes           | 3 4 5 6 7 |  7.3
Fighting       | 3 |  3.4
Throwing       | |  1.0
Armour         | |  1.1
Dodging        | |  2.1
Spellcasting   | |  2.0
Translocations | |  2.4

Action                   |  1- 3 |  4- 6 |  7- 9 || total
-------------------------+-------+-------+-------++-------
Melee: Hand axe          |    85 |   108 |    12 ||   205
       Kick              |    15 |    36 |     6 ||    57
       Peck              |    13 |    18 |     2 ||    33
Throw: Boomerang         |     7 |       |       ||     7
  Use: Scroll            |     7 |     5 |     1 ||    13
       Potion            |     2 |     2 |     1 ||     5
 Stab: Sleeping          |     1 |       |       ||     1
Armor: Leather armour    |    24 |     9 |       ||    33
       Ring mail         |       |     8 |     8 ||    16
Dodge: Dodged            |    68 |    70 |    11 ||   149

Table legend:
 A = Non-vault XP
 B = Vault XP
 C = Vault XP percentage of total XP
 D = Non-vault monster count
 E = Vault monster count
 F = Vault count percentage of total count
                 A         B        C        D         E       F
            +---------+---------+-------+---------+---------+-------
      Total |     441 |     193 |  30.4 |      63 |      10 |  13.7
            +---------+---------+-------+---------+---------+-------
        D:1 |      25 |       0 |   0.0 |      14 |       0 |   0.0
        D:2 |      61 |       0 |   0.0 |      27 |       0 |   0.0
        D:3 |       5 |      20 |  80.0 |       3 |       8 |  72.7
        D:4 |     208 |       0 |   0.0 |      14 |       0 |   0.0
        D:5 |     142 |     173 |  54.9 |       5 |       2 |  28.6
            +---------+---------+-------+---------+---------+-------
